 Dungeon Crawl Stone Soup version 0.23-a0-650-ga4d50d4 (webtiles) character file.

38187 MalarOregon the Impaler (level 14, -9/118 HPs)
             Began as a Merfolk Gladiator on Jan 3, 2019.
             Was a High Priest of Nemelex Xobeh.
             Blown up by an eye of devastation (shapeshifter) (43 damage)
             ... with a bolt of energy
             ... on level 15 of the Dungeon.
             The game lasted 00:39:25 (15598 turns).

MalarOregon the Impaler (Merfolk Gladiator)        Turns: 15598, Time: 00:39:27

Health: -9/118     AC: 18    Str: 21    XL:     14   Next: 1%
Magic:  27/27      EV: 24    Int: 12    God:    Nemelex Xobeh [*****.]
Gold:   452        SH:  0    Dex: 24    Spells: 13/13 levels left

rFire    . . .     SeeInvis +   a - +4 halberd
rCold    . . .     Gourm    .   (shield currently unavailable)
rNeg     . . .     Faith    .   J - +2 scale mail of the Prince {*Drain MR++ MP+9 SInv}
rPois    .         Spirit   .   S - +1 helmet
rElec    .         Reflect  .   i - +2 cloak of Puikach {Dex+4}
rCorr    .         Harm     .   j - +0 pair of gloves
MR       +++..                  h - +0 pair of boots
Stlth    +.........             (no amulet)
HPRegen  0.29/turn              K - +5 ring of strength
MPRegen  0.20/turn              z - ring of Eneung {Str+2 Dex+4 SInv}

@: no status effects
A: change form in water, swift swim, stealthy swim
a: Draw Escape, Draw Destruction, Draw Summoning, Triple Draw, Deal Four, Stack
Five, Renounce Religion


You were on level 15 of the Dungeon.
You worshipped Nemelex Xobeh.
Nemelex Xobeh was extremely pleased with you.
You were not hungry.

You visited 2 branches of the dungeon, and saw 16 of its levels.
You also visited: Sewer.

You collected 1088 gold pieces.
You spent 636 gold pieces at shops.

Inventory:

Hand Weapons
 a - a +4 halberd (weapon)
   (You took it off a wight on level 6 of the Dungeon)
 b - the +0 trident "Oplalile" {elec, +Blink +Fly rPois Dex+4}
   (You found it on level 14 of the Dungeon)

   Occasionally, upon striking a foe, it will discharge some electrical energy
   and cause terrible harm.
   It affects your dexterity (+4).
   It protects you from poison.
   It lets you fly.
   It lets you blink.
 s - a +0 blowgun
   (You took it off a kobold in a sewer)
Missiles
 d - 5 throwing nets (quivered) {!f}
 G - 2 needles of sleeping {!f}
Armour
 h - a +0 pair of boots (worn)
   (You found it on level 6 of the Dungeon)
 i - the +2 cloak of Puikach (worn) {Dex+4}
   (You found it on level 6 of the Dungeon)

   It affects your dexterity (+4).
 j - a +0 pair of gloves (worn)
   (You found it on level 6 of the Dungeon)
 A - a +2 robe of magic resistance
   (You took it off Josephine on level 11 of the Dungeon)
 E - the cursed +1 leather armour "Ototaun" {Regen+ Int+6 Dex-5}
   (You bought it in a shop on level 11 of the Dungeon)

   It affects your intelligence (+6).
   It affects your dexterity (-5).
   It increases your rate of regeneration.
   It has a curse placed upon it.
 H - the +3 scale mail "Hoprueth" {rN+ rCorr}
   (You found it on level 11 of the Dungeon)

   It protects you from negative energy.
   It provides partial protection from all sources of acid and corrosion.
 J - the +2 scale mail of the Prince (worn) {*Drain MR++ MP+9 SInv}
   (You bought it in a shop on level 11 of the Dungeon)

   It affects your resistance to hostile enchantments.
   It affects your magic capacity (+9).
   It lets you see invisible.
   It causes draining when unequipped.
 S - a +1 helmet (worn)
Magical Staves
 D - an uncursed staff of summoning
   (You found it on level 14 of the Dungeon)
Jewellery
 l - an uncursed ring of protection from magic
   (You found it on level 8 of the Dungeon)
 z - the ring of Eneung (right hand) {Str+2 Dex+4 SInv}
   (You found it on level 8 of the Dungeon)

   [ring of dexterity]

   It affects your strength (+2).
   It affects your dexterity (+4).
   It lets you see invisible.
 K - a +5 ring of strength (left hand)
   (You found it on level 12 of the Dungeon)
Wands
 c - a wand of disintegration (12)
   (You found it on level 12 of the Dungeon)
 t - a wand of flame (21)
   (You took it off Grinder on level 3 of the Dungeon)
 u - a wand of paralysis (12)
   (You bought it in a shop on level 5 of the Dungeon)
 v - a wand of digging (4)
   (You took it off Josephine on level 11 of the Dungeon)
 x - a wand of acid (6)
   (You found it on level 11 of the Dungeon)
 P - a wand of polymorph (10)
   (You found it on level 13 of the Dungeon)
Scrolls
 f - 11 scrolls of teleportation {@r4}
 g - 4 scrolls of enchant armour
 o - 6 scrolls of identify {@r1}
 q - 3 scrolls of fear
 r - 3 scrolls of amnesia
 w - 2 scrolls of enchant weapon
 y - 4 scrolls of remove curse {@r2}
 C - 3 scrolls of fog
 I - 2 scrolls of magic mapping
Potions
 k - 4 potions of magic
 m - 2 potions of mutation {!q}
 n - 3 potions of might
 p - 5 potions of curing {@q1}
 B - a potion of flight
 F - a potion of brilliance
 M - 2 potions of lignification {!q}
 N - a potion of heal wounds {@q2}
 Q - a potion of cancellation
Comestibles
 e - 24 rations {!d}


   Skills:
 + Level 13.5 Fighting
 - Level 16.0 Polearms
 - Level 2.0 Throwing
 * Level 7.8 Armour
 + Level 16.0 Dodging
 + Level 6.3 Invocations
 + Level 1.7 Evocations


You had 13 spell levels left.
You didn't know any spells.
Your spell library contained the following spells:

 Spells                   Type           Power        Failure   Level  Hunger
 Infusion                 Chrm           #...         63%         1    ##.....
 Magic Dart               Conj           #...         63%         1    ##.....
 Searing Ray              Conj           #.....       77%         2    ###....
 Shroud of Golubria       Chrm/Tloc      #.........   77%         2    ###....
 Song of Slaying          Chrm           #.......     77%         2    ###....
 Dazzling Spray           Conj/Hex       #.....       94%         3    ####...
 Regeneration             Chrm/Necr      #.........   94%         3    ####...
 Spectral Weapon          Hex/Chrm       #.......     94%         3    ####...
 Force Lance              Conj/Tloc      #.......     100%        4    #####..
 Fulminant Prism          Conj/Hex       #.........   100%        4    #####..
 Iskenderun's Mystic Bla  Conj           #.......     100%        4    #####..


Dungeon Overview and Level Annotations

Branches:
Dungeon (15/15)            Temple (1/1) D:7            Lair (0/6) D:9
    Orc (0/2) D:10         Vaults (0/5) D:13
 Depths: D:15

Altars:
Ashenzari
Cheibriados
Dithmenos
Elyvilon
Fedhas
Gozag
Hepliaklqana
Kikubaaqudgha
Makhleb
Nemelex Xobeh
Okawaru
Qazlal
Ru
Sif Muna
Trog
Uskayaw
Vehumet
Wu Jian
Xom
Yredelemnul
Zin
The Shining One
Beogh

Shops:
D:5 *   D:6 (   D:11 [   D:13 }


Message History

You hit the gargoyle but do no damage. You hit the gargoyle but do no damage.
The gargoyle hits you with a +0 flail.
* * * LOW HITPOINT WARNING * * *
The wraith misses you.
You hit the gargoyle. The wraith misses you.
The gargoyle hurls a stone arrow at you.
The stone arrow hits you!
* * * LOW HITPOINT WARNING * * *
Your scale mail of the Prince prevents you from hitting the gargoyle.
You hit the gargoyle but do no damage. The gargoyle completely misses you.
The wraith completely misses you.
You hit the gargoyle. The wraith misses you. The gargoyle barely misses you.
You slash the gargoyle!
You destroy the gargoyle!
The wraith misses you.
The yaktaur changes into an eye of devastation!
You see here 18 stones.
Here: an eye of devastation shaped shifter The floor.
You hit the wraith.
As you read the scroll of holy word, it crumbles to dust.
You speak a Word of immense power!
The wraith convulses!
The wraith closely misses you.
You slice the wraith!!
You destroy the wraith!
Attack whom?
Aim: an orc knight, wielding a +2 battleaxe and wearing a +0 chain mail You reach to attack!
You closely miss the orc knight. You slash the orc knight!
The orc knight closely misses you.
You barely miss the orc knight. You slice the orc knight!!
The orc knight hits you with a +2 battleaxe.
* * * LOW HITPOINT WARNING * * *
You impale the orc knight!! You slash the orc knight!
The orc knight hits you with a +2 battleaxe!
* * * LOW HITPOINT WARNING * * *
You completely miss the orc knight. You closely miss the orc knight.
The orc knight hits you with a +2 battleaxe.
* * * LOW HITPOINT WARNING * * *
You hit the orc knight but do no damage.
You impale the orc knight!!
You kill the orc knight!
Your Dodging skill increases to level 16!
You have reached level 14!
The eye of devastation gazes at you. The bolt of energy hits you!
You die...
Your body glows with a rainbow of weird colours and disappears.

##...........#######...#
#.....................#
#.....................#####
#.....###########..........
#.....# #..........
#####.....# #..####..##
###.........# #..# #..#
#..$........###########..#
#..##
..#C..........G)@........#
#....
.##...........C####......#
#.... ########..######
#......# #.... ####
######## #####


You could see an eye of devastation shaped shifter and a cyclops.

Vanquished Creatures
  Agnes (D:14)
  Kirke (D:14)
  Nessos (D:14)
  Josephine (D:11)
  Snorg (D:13)
  A hydra (D:12)
  2 dancing weapons (D:13)
  3 two-headed ogres
  3 unseen horrors
  An orc knight (D:15)
  2 deep elf magi (D:14)
  2 manticores
  4 cyclopes
  8 ugly things
  2 gargoyles
  Psyche (D:12)
  A komodo dragon (D:12)
  4 trolls
  Grinder (D:3)
  9 hippogriffs
  A slime creature (D:13)
  A spriggan (D:8)
  2 vampires
  7 yaks
  A wyvern (D:8)
  4 fire elementals (D:13)
  6 wraiths
  A basilisk (D:15)
  2 hungry ghosts
  A hog (D:14)
  6 vampire mosquitoes
  A soldier ant (D:12)
  An acid dragon (D:12)
  2 hell hounds (D:13)
  A porcupine (D:9)
  3 ice beasts
  4 phantoms
  6 sky beasts
  5 orc warriors
  6 black bears
  8 ogres
  An eye of draining (D:8)
  9 centaurs
  A crocodile (D:9)
  6 big kobolds
  14 bullfrogs
  A wyvern zombie (D:11)
  A wyvern skeleton (D:11)
  2 scorpions
  A water moccasin skeleton (D:5)
  15 killer bees
  27 wights
  A howler monkey (D:4)
  16 crimson imps
  A quasit (D:11)
  8 hounds
  4 jellies
  7 orc priests
  9 orc wizards
  3 centaur skeletons
  Jessica (D:2)
  5 bullfrog skeletons
  Natasha (twice) (D:4)
  7 iguanas
  5 worker ants
  A killer bee zombie (D:5)
  14 adders
  A river rat (D:3)
  3 shadow imps
  2 oozes
  An adder zombie (D:9)
  2 adder skeletons
  3 worms
  2 dart slugs (D:2)
  4 leopard geckos
  36 orcs
  3 giant cockroaches
  9 goblins
  4 hobgoblins
  14 jackals
  28 kobolds
  5 quokkas
  8 ball pythons
  6 bats
  3 frilled lizards
  A jackal skeleton (D:6)
  A quokka skeleton (D:4)
  12 rats
428 creatures vanquished.

Vanquished Creatures (collateral kills)
  Azrael (D:13)
  2 slime creatures (D:13)
  A vampire (D:13)
  A fire elemental (D:13)
  A hell hound (D:13)
6 creatures vanquished.

Vanquished Creatures (others)
  2 wizards (D:13)
  A killer bee (D:13)
  A howler monkey (D:13)
  2 jellies (D:13)
  An adder (D:13)
  15 fungi (D:9)
  2 plants (D:9)
24 creatures vanquished.

Grand Total: 458 creatures vanquished

Notes
Turn   | Place    | Note
-------+----------+-------------------------------------------
     0 | D:1      | MalarOregon the Merfolk Gladiator began the quest for the
                  | Orb.
     0 | D:1      | Reached XP level 1. HP: 16/16 MP: 1/1
   207 | D:1      | Reached XP level 2. HP: 23/23 MP: 2/2
   254 | D:1      | Reached skill level 5 in Polearms
   597 | D:2      | Noticed Jessica
   607 | D:2      | Killed Jessica
   607 | D:2      | Reached XP level 3. HP: 28/28 MP: 3/3
   663 | D:2      | Reached XP level 4. HP: 34/34 MP: 4/4
  1550 | D:3      | Reached skill level 5 in Dodging
  1554 | D:3      | Reached XP level 5. HP: 41/41 MP: 5/5
  1783 | D:3      | Found a glowing drain.
  1791 | Sewer    | Entered a sewer
  2001 | Sewer    | Noticed a big kobold
  2014 | Sewer    | Killed a big kobold
  2014 | Sewer    | Reached XP level 6. HP: 48/48 MP: 6/6
  2316 | D:3      | Reached XP level 7. HP: 40/54 MP: 7/7
  2747 | D:3      | Found a deep blue altar of Sif Muna.
  2891 | D:3      | Found an ornate altar of the Wu Jian Council.
  2891 | D:3      | Found a blossoming altar of Fedhas.
  2892 | D:3      | Found a snail-covered altar of Cheibriados.
  2993 | D:3      | Found an opulent altar of Gozag.
  3050 | D:3      | Noticed Grinder
  3050 | D:3      | Paralysed by Grinder for 2 turns
  3058 | D:3      | Paralysed by Grinder for 5 turns
  3092 | D:3      | Reached skill level 10 in Dodging
  3092 | D:3      | Reached XP level 8. HP: 40/68 MP: 8/8
  3104 | D:3      | Killed Grinder
  3726 | D:4      | Noticed Natasha
  3739 | D:4      | Killed Natasha
  3795 | D:4      | Noticed Natasha
  3808 | D:4      | Killed Natasha
  3910 | D:4      | Found a sparkling altar of Nemelex Xobeh.
  3915 | D:4      | Became a worshipper of Nemelex Xobeh the Trickster
  3960 | D:5      | Entered Level 5 of the Dungeon
  4007 | D:5      | Received a gift from Nemelex Xobeh
  4032 | D:5      | Reached XP level 9. HP: 75/75 MP: 9/9
  4127 | D:5      | Reached skill level 1 in Armour
  4339 | D:5      | Found Qanoenk's General Store.
  4348 | D:5      | Bought a wand of paralysis (8) for 120 gold pieces
  4348 | D:5      | Bought a potion of lignification for 36 gold pieces
  5381 | D:6      | Got a distressingly furry cloak
  5392 | D:6      | Identified the +2 cloak of Puikach {Dex+4} (You found it on
                  | level 6 of the Dungeon)
  5408 | D:6      | Reached * piety under Nemelex Xobeh
  5446 | D:6      | Noticed a +0 hand axe
  5446 | D:6      | Noticed a +0 dagger
  5449 | D:6      | Found a hide-covered altar of Uskayaw.
  5572 | D:6      | Found a sacrificial altar of Ru.
  5742 | D:6      | Received a gift from Nemelex Xobeh
  5946 | D:6      | Found Ujikeg's Weapon Boutique.
  6102 | D:6      | Found a glowing golden altar of the Shining One.
  6209 | D:7      | Found a staircase to the Ecumenical Temple.
  6235 | D:7      | Reached XP level 10. HP: 67/83 MP: 10/10
  6269 | Temple   | Entered the Ecumenical Temple
  6675 | D:7      | Received a gift from Nemelex Xobeh
  6725 | D:7      | Found a shimmering altar of Xom.
  6848 | D:7      | Noticed a purple ugly thing
  6856 | D:7      | Killed a purple ugly thing
  7044 | D:7      | Reached ** piety under Nemelex Xobeh
  7216 | D:8      | Reached skill level 15 in Polearms
  7279 | D:8      | Received a gift from Nemelex Xobeh
  7654 | D:8      | Reached skill level 10 in Fighting
  7660 | D:8      | Got a shimmering steel ring
  7661 | D:8      | Identified the ring of Eneung {Str+2 Dex+4 SInv} (You found
                  | it on level 8 of the Dungeon)
  7715 | D:8      | Found an iron altar of Okawaru.
  7716 | D:8      | Found a bloodstained altar of Trog.
  7995 | D:8      | Found a shadowy altar of Dithmenos.
  8643 | D:9      | Noticed a two-headed ogre
  8651 | D:9      | Killed a two-headed ogre
  8651 | D:9      | Reached XP level 11. HP: 88/91 MP: 4/11
  8948 | D:9      | Found a staircase to the Lair.
  9155 | D:9      | Received a gift from Nemelex Xobeh
  9269 | D:10     | Entered Level 10 of the Dungeon
  9300 | D:10     | Reached *** piety under Nemelex Xobeh
  9425 | D:10     | Received a gift from Nemelex Xobeh
  9735 | D:10     | Found a staircase to the Orcish Mines.
  9764 | D:10     | Found a roughly hewn altar of Beogh.
  9860 | D:10     | Noticed a two-headed ogre
  9874 | D:10     | Killed a two-headed ogre
 10170 | D:10     | Received a gift from Nemelex Xobeh
 10418 | D:11     | Noticed an unseen horror
 10423 | D:11     | Killed an unseen horror
 10437 | D:11     | Noticed a cyclops
 10442 | D:11     | Killed a cyclops
 10450 | D:11     | Reached **** piety under Nemelex Xobeh
 10474 | D:11     | Reached XP level 12. HP: 102/102 MP: 12/12
 10490 | D:11     | Noticed Josephine
 10509 | D:11     | Killed Josephine
 10816 | D:11     | Got a smoking scale mail
 10831 | D:11     | Identified the +3 scale mail "Hoprueth" {rN+ rCorr} (You
                  | found it on level 11 of the Dungeon)
 11028 | D:11     | Received a gift from Nemelex Xobeh
 11189 | D:11     | Found Zerim's Antique Armour Boutique.
 11197 | D:11     | Bought a topaz-encrusted leather armour for 210 gold pieces
 11197 | D:11     | Bought a slimy scale mail for 270 gold pieces
 11207 | D:11     | Identified the +2 scale mail of the Prince {*Drain MR++
                  | MP+9 SInv} (You bought it in a shop on level 11 of the
                  | Dungeon)
 11207 | D:11     | Identified the cursed +1 leather armour "Ototaun" {Regen+
                  | Int+6 Dex-5} (You bought it in a shop on level 11 of the
                  | Dungeon)
 11613 | D:11     | Reached skill level 1 in Invocations
 12391 | D:12     | Noticed Psyche
 12398 | D:12     | Killed Psyche
 12437 | D:12     | Received a gift from Nemelex Xobeh
 12482 | D:12     | Noticed a six-headed hydra
 12497 | D:12     | Killed a six-headed hydra
 12497 | D:12     | Reached skill level 5 in Armour
 12871 | D:12     | Received a gift from Nemelex Xobeh
 13134 | D:12     | Reached skill level 15 in Dodging
 13627 | D:13     | Found Udukhit's Gadget Boutique.
 13686 | D:13     | Reached ***** piety under Nemelex Xobeh
 13701 | D:13     | Noticed Snorg
 13715 | D:13     | Killed Snorg
 13715 | D:13     | Reached XP level 13. HP: 66/109 MP: 15/15
 13832 | D:13     | Found a bloodstained altar of Trog.
 14014 | D:13     | Noticed Azrael
 14027 | D:13     | Killed Azrael
 14179 | D:13     | Received a gift from Nemelex Xobeh
 14188 | D:13     | Found a gate to the Vaults.
 14417 | D:14     | Reached skill level 5 in Invocations
 14488 | D:14     | Got a blackened trident
 14490 | D:14     | Identified the +0 trident "Oplalile" {elec, +Blink +Fly
                  | rPois Dex+4} (You found it on level 14 of the Dungeon)
 14511 | D:14     | Noticed Kirke
 14538 | D:14     | Killed Kirke
 14559 | D:14     | Noticed Nessos
 14567 | D:14     | Killed Nessos
 14618 | D:14     | Noticed Agnes
 14642 | D:14     | Killed Agnes
 15247 | D:15     | Entered Level 15 of the Dungeon
 15452 | D:15     | Reached skill level 1 in Evocations
 15497 | D:15     | Received a gift from Nemelex Xobeh
 15598 | D:15     | Reached XP level 14. HP: 34/118 MP: 18/18
 15598 | D:15     | Blown up by an eye of devastation (shapeshifter)

Vault maps used:
D:1:      scummos_arrival_simple_fountains, hex_medium,
          chequers_decorated_corner, minmay_shallow_snake_nest
D:2:      minmay_skewed_foursquare, due_unseen_surprise, uniq_jessica
D:3:      gammafunk_temple_overflow_claw, tgw_sif,
          lemuel_coloured_pillars_altar, lightli_sewer_entry_pipes,
          first_ration, uniq_grinder
D:4:      lemuel_doored_altar, glass_columns_c, uniq_natasha
D:5:      serial_co_window_serial, co_window_corner_a, co_window_paths_b,
          co_window_corner_a, co_window_corner_a, co_window_paths_a,
          co_window_of_opportunity_a, co_window_cross_1, co_window_paths_a,
          co_window_paths_b, co_window_corner_cb, co_window_broadway_a,
          co_window_2corner, co_window_2corner, glass_columns_a,
          glass_columns_c, glass_columns_a, glass_columns_a, serial_shops,
          nicolae_shop_behind_doors
D:6:      nicolae_ru_path_of_blood, kennysheep_mini_moat,
          dancing_weapons_uskayaw, serial_rivers,
          chequers_serial_rivers_small_3, chequers_serial_rivers_micro_b,
          chequers_serial_rivers_small_a, chequers_serial_rivers_small_3,
          serial_shops, nicolae_shop_crystal, grunt_tough_drop
D:7:      kennysheep_mini, minmay_temple_entry_waves
D:8:      minmay_clustersquares, grunt_temple_overflow_bloody_war,
          nicolae_dithmenos_through_a_glass_darkly, the_bakery
D:9:      due_lair_maze_entry_diamond, hangedman_corner_corridor
D:10:     minmay_orc_entry_temple_small
D:11:     serial_shops, shop, minivault_5, uniq_josephine
D:12:     minmay_fractal_squares_5, uniq_psyche
D:13:     erik_vaults_1, serial_shops, shop, kennysheep_nub, st_stairs_13,
          trog_wizard, uniq_azrael, uniq_snorg
D:14:     minmay_misc_feat_four_crosses, lemuel_another_geyser, uniq_nessos,
          uniq_agnes, uniq_kirke
D:15:     gammafunk_depths_entry_grave, grunt_decor_arrowhead,
          kennysheep_kite_vault
Temple:   compressed_dpeg_triangle_lava_temple
Sewer:    sewer_co_15_rooms

Skill      XL: |  1  2  3  4  5  6  7  8  9 10 11 12 13 |
---------------+----------------------------------------+-----
Polearms       | 5 6 7 8 14 15 16 | 16.0
Fighting       | 3 4 8 9 10 11 12 13 | 13.5
Dodging        | 5 6 10 11 12 13 15 16 | 16.0
Armour         | 2 3 4 5 7 |  7.8
Invocations    | 3 6 |  6.3
Evocations     | 1 |  1.7
Throwing       | |  2.0

Action                   |  1- 3 |  4- 6 |  7- 9 | 10-12 | 13-15 || total
-------------------------+-------+-------+-------+-------+-------++-------
Melee: Trident           |    82 |   252 |   477 |   136 |    64 ||  1011
       Tailslap          |       |     5 |       |       |       ||     5
       Halberd           |       |       |       |   777 |   218 ||   995
 Fire: Blowgun           |       |       |       |       |     2 ||     2
Throw: Throwing net      |     1 |       |     1 |       |       ||     2
 Abil: Draw Destruction  |       |       |       |       |     5 ||     5
       Evoke Flight      |       |       |       |       |     1 ||     1
       Draw Escape       |       |       |       |       |     1 ||     1
       Draw Summoning    |       |       |       |       |     1 ||     1
Evoke: Wand              |       |       |       |     9 |     1 ||    10
  Use: Potion            |     1 |       |     8 |     1 |     2 ||    12
       Scroll            |       |     8 |     2 |    10 |     5 ||    25
 Stab: Sleeping          |       |     4 |     5 |     4 |       ||    13
       Distracted        |       |       |     3 |     1 |     3 ||     7
       Paralysed         |       |       |       |     7 |     3 ||    10
       Petrified         |       |       |       |       |     5 ||     5
  Eat: Chunk             |       |     5 |    13 |    22 |     4 ||    44
       Ration            |       |       |       |     1 |     1 ||     2
Armor: Leather armour    |    17 |    43 |    39 |    40 |       ||   139
       Skin              |       |       |     6 |       |       ||     6
       Troll leather arm |       |       |       |    31 |       ||    31
       Scale mail        |       |       |       |    76 |    63 ||   139
Dodge: Dodged            |    59 |   138 |   208 |   752 |   246 ||  1403

Table legend:
 A = Non-vault XP
 B = Vault XP
 C = Vault XP percentage of total XP
 D = Non-vault monster count
 E = Vault monster count
 F = Vault count percentage of total count
                 A         B        C        D         E       F
            +---------+---------+-------+---------+---------+-------
      Total |   31584 |   22248 |  41.3 |     336 |     104 |  23.6
            +---------+---------+-------+---------+---------+-------
        D:1 |      21 |       1 |   4.5 |      10 |       1 |   9.1
        D:2 |      65 |      58 |  47.2 |      23 |       7 |  23.3
        D:3 |     187 |     351 |  65.2 |      35 |       7 |  16.7
        D:4 |     559 |      36 |   6.1 |      15 |       1 |   6.2
        D:5 |     557 |       0 |   0.0 |      21 |       0 |   0.0
        D:6 |    1162 |      59 |   4.8 |      27 |       1 |   3.6
        D:7 |    1905 |       0 |   0.0 |      23 |       0 |   0.0
        D:8 |    1353 |    1505 |  52.7 |      17 |      10 |  37.0
        D:9 |     816 |    2317 |  74.0 |      10 |      15 |  60.0
       D:10 |    4445 |     228 |   4.9 |      33 |       8 |  19.5
       D:11 |    4209 |    2128 |  33.6 |      49 |       6 |  10.9
       D:12 |    5353 |    2111 |  28.3 |      27 |       7 |  20.6
       D:13 |    4928 |    4699 |  48.8 |      30 |      14 |  31.8
       D:14 |    4745 |    5859 |  55.3 |      13 |       4 |  23.5
       D:15 |    1279 |    2551 |  66.6 |       3 |       5 |  62.5
      Sewer |       0 |     345 | 100.0 |       0 |      18 | 100.0
            +---------+---------+-------+---------+---------+-------
